 Dungeon Crawl Stone Soup version 0.27.1-4-g1640c2035a (webtiles) character file.

Game seed: 5602663924762006621

91 oldmanjim the Changer (level 4, -2/37 HPs)
             Began as a Draconian Transmuter on Nov 10, 2021.
             Was a Believer of Dithmenos.
             Killed by divine providence
             ... invoked by an orc priest
              (16 damage)
             ... on level 5 of the Dungeon.
             The game lasted 00:12:06 (1788 turns).

oldmanjim the Changer (Draconian Transmuter)        Turns: 1788, Time: 00:12:07

Health: -2/37      AC:  2    Str: 12    XL:     4   Next: 33%
Magic:  4/7        EV: 19    Int: 14    God:    Dithmenos [**....]
Gold:   85         SH:  0    Dex: 23    Spells: 3/7 levels left

rFire    . . .     SeeInvis .     - Unarmed
rCold    . . .     Faith    .   (shield currently unavailable)
rNeg     . . .     Spirit   .   (armour unavailable)
rPois    x         Reflect  .   (helmet currently unavailable)
rElec    .         Harm     .   (cloak currently unavailable)
rCorr    .         Rampage  .   (gloves currently unavailable)
Will     .....                  (boots currently unavailable)
Stlth    ++........             c - amulet of regeneration
HPRegen  1.12/turn              m - +6 ring of dexterity
MPRegen  0.10/turn              n - ring of wizardry

@: spider-form, wreathed by umbra
A: venomous fangs, AC +5, tiny, unfitting armour, (cold-blooded)
a: End Transformation, Renounce Religion, Shadow Step


You were on level 5 of the Dungeon.
You worshipped Dithmenos.
Dithmenos was pleased with you.
You were a venomous arachnid creature.
You visited 1 branch of the dungeon, and saw 4 of its levels.

You collected 85 gold pieces.

Inventory:

Missiles
 f - 41 sling bullets
 i - 57 bolts
Armour
 g - a +2 pair of boots (melded)
Jewellery
 c - an amulet of regeneration (around neck)
 m - a +6 ring of dexterity (left front leg)
 n - a ring of wizardry (right front leg)
Wands
 o - a wand of flame (10)
Scrolls
 a - a scroll of fog {unknown}
 b - 2 scrolls of noise {unknown}
 j - a scroll of magic mapping {unknown}
 k - a scroll of identify {unknown}
 l - a scroll of silence {unknown}
 p - a scroll of immolation {unknown}
Potions
 d - a potion of heal wounds {unknown}
 e - a potion of lignification {unknown}
 h - a potion of curing {unknown}


   Skills:
 + Level 2.3 Fighting
 - Level 1.7 Dodging
 - Level 3.0 Unarmed Combat
 - Level 2.0 Spellcasting
 - Level 4.0 Transmutations
 + Level 1.0 Invocations


You had 3 spell levels left.
You knew the following spells:

 Your Spells              Type           Power      Damage    Failure   Level
a - Beastly Appendage     Tmut           24%        N/A       6%          1
b - Spider Form           Tmut/Pois      3%         N/A       24%         3

Your spell library contained the following spells:

 Spells                   Type           Power      Damage    Failure   Level
 Wereblood                Tmut           12%        N/A       8%          2
 Ice Form                 Ice/Tmut       7%         N/A       54%         4
 Alistair's Intoxication  Tmut/Pois      4%         N/A       83%         5
 Borgnjor's Vile Clutch   Necr/Erth      0%         N/A       97%         5
 Eringya's Noxious Bog    Tmut/Pois      3%         N/A       100%        6


Dungeon Overview and Level Annotations

Branches:
Dungeon (3/15)

Altars:
Dithmenos
Qazlal

Annotations:
D:5 Prince Ribbit


Innate Abilities, Weirdness & Mutations

You are a venomous arachnid creature.
You have poisonous fangs.
You are tiny and dextrous.
Your spellcasting is less reliable in this form.
Your armour is entirely melded.
You are incapable of wielding weapons or throwing items.
((Your plain brown scales are hard. (AC +5)))
You cannot fit into any form of body armour.
((You are cold-blooded and may be slowed by cold attacks.))


Message History

Prince Ribbit croaks regally.
Prince Ribbit closely misses you. The orc barely misses you. x2
The orc priest mumbles some strange prayers to Beogh against you.
Beogh smites you!
* * * LOW HITPOINT WARNING * * *
Prince Ribbit completely misses you.
Casting: Beastly Appendage (safe; 1% risk of failure)
Confirm with . or Enter, or press ? or * to list all spells.
Your horns disappear.
Your talons disappear.
Your +2 pair of boots unmelds from your body.
You turn into a venomous arachnid creature.
Your +2 pair of boots melds into your body.
The orc hits you but does no damage. The orc barely misses you.
The orc completely misses you.
Prince Ribbit hops awkwardly around.
Prince Ribbit blinks!
The orc misses you. x2; The orc barely misses you.
You are too injured to fight recklessly!
Prince Ribbit says, "You're just another fly to me."
The orc priest looks satisfied for a moment.
A water moccasin comes into view.
You hit the orc.
The orc is poisoned.
The orc is almost dead.
The water moccasin hisses angrily.
The orc barely misses you. The orc misses you.
You hit the orc.
The orc is poisoned.
The orc is heavily wounded.
You kill the orc!
Dithmenos accepts your kill. The orc closely misses you.
You hit the orc.
The orc is poisoned.
The orc is severely wounded.
Prince Ribbit blinks!
The orc completely misses you. The white imp gestures at you.
The puff of frost misses you.
Prince Ribbit lets out a mournful croak.
The orc misses you.
The orc priest mumbles some strange prayers to Beogh against you.
Beogh smites you!
You die...

#...#...........
#..#.................#
#.......##..#.........
###.......#..##.........
#........###.#...S......
##........##...#.........
#..##......##.##.........
##....#....#..o#S.......
###...##......soo).......
#......##.......5...##..
###.......##..###o..## .
#.........#.###..F..# ..
##.>..##..#.......#.....
#...###......F..##......
#...# #..........#......
##..# #...........o.....
#### ####.......o......


You could see Prince Ribbit, a water moccasin, an orc priest, a white imp and 3
orcs.

Vanquished Creatures
  Ijyb (D:3)
  An adder (D:2)
  An ufetubus (D:2)
  A dart slug (D:1)
  An orc (D:5)
  7 endoplasms
  A giant cockroach (D:2)
  3 goblins
  8 hobgoblins
  3 quokkas
  A ball python (D:3)
  4 bats
  4 frilled lizards (D:1)
  5 kobolds (D:1)
  4 rats
45 creatures vanquished.

Notes
Turn   | Place    | Note
-------+----------+-------------------------------------------
     0 | D:1      | oldmanjim the Draconian Transmuter began the quest for the
                  | Orb.
     0 | D:1      | Reached XP level 1. HP: 16/16 MP: 3/3
   344 | D:1      | Reached XP level 2. HP: 18/24 MP: 5/5
   536 | D:1      | Found a faded altar of an unknown god.
   552 | D:1      | Became a worshipper of Dithmenos the Shadowed
   552 | D:1      | Reached * piety under Dithmenos
   858 | D:1      | Reached skill level 3 in Transmutations
   990 | D:1      | Reached XP level 3. HP: 29/29 MP: 4/6
  1107 | D:2      | Learned a level 3 spell: Spider Form
  1613 | D:3      | Noticed Ijyb
  1625 | D:3      | Killed Ijyb
  1625 | D:3      | Reached ** piety under Dithmenos
  1626 | D:3      | Reached skill level 4 in Transmutations
  1626 | D:3      | Reached XP level 4. HP: 36/36 MP: 7/7
  1687 | D:3      | Found a stormy altar of Qazlal.
  1700 | D:3      | Reached skill level 1 in Invocations
  1741 | D:3      | Noticed a sky beast
  1741 | D:3      | You fall into a shaft and drop 2 floors!
  1741 | D:5      | Entered Level 5 of the Dungeon
  1741 | D:5      | Noticed Prince Ribbit
  1783 | D:5      | Noticed a water moccasin
  1788 | D:5      | Killed from afar by an orc priest

Illustrated notes

Levels and vault maps discovered:
D:1:      minmay_arrival_three_doors, layout_loops_ring,
          hellmonk_ecumenical_altar_run_dry, corner_web_ring,
          serial_park_tiny_pond
D:2:      layout_rooms
D:3:      layout_basic, nicolae_qazlal_scattered_showers, uniq_ijyb, uniq_robin
D:5:      layout_cave_pools, mainiacjoe_overflow_six_doors_small, uniq_sigmund,
          uniq_prince_ribbit1

Skill      XL: |  1  2  3  4 |
---------------+-------------+-----
Fighting       | 2 |  2.3
Transmutations | 3 4 |  4.0
Invocations    | 1 |  1.0
Dodging        | |  1.7
Unarmed Combat | |  3.0
Spellcasting   | |  2.0

Action                   |  1- 3 |  4- 6 || total
-------------------------+-------+-------++-------
Melee: Unarmed           |   104 |    19 ||   123
       Kick              |    23 |     4 ||    27
       Headbutt          |    13 |     2 ||    15
       Tailslap          |    10 |     1 ||    11
       Punch             |     1 |       ||     1
 Cast: Beastly Appendage |    29 |     5 ||    34
       Spider Form       |       |     1 ||     1
 Stab: Sleeping          |     1 |       ||     1
Armor: Skin              |    29 |     4 ||    33
Dodge: Dodged            |    62 |    21 ||    83
